 Dungeon Crawl Stone Soup version 0.31-a0-202-g547052bce9 (webtiles) character file.

Game seed: 18125116586024769945

214 qw the Skirmisher (level 5, -4/30 HPs)
             Began as a Deep Elf Hunter on June 26, 2023.
             Slain by a gnoll
             ... wielding a +0 flail
              (7 damage)
             ... on level 4 of the Dungeon.
             The game lasted 00:01:05 (2572 turns).

qw the Skirmisher (Deep Elf Hunter)                 Turns: 2572, Time: 00:01:05

Health: -4/30      AC:  8    Str: 10    XL:     5   Next: 60%
Magic:  7/7        EV: 11    Int: 14    God:
Gold:   118        SH:  0    Dex: 18    Spells: 4/4 levels left

rFire   + . .        Y - +1 shortbow
rCold   . . .        (shield currently unavailable)
rNeg    . . .        k - +2 ring mail {rF+}
rPois   .            j - +0 helmet
rElec   .            (no cloak)
rCorr   .            (no gloves)
SInv    .            (no boots)
Will    .....        (no amulet)
Stlth   +            (no ring)
HPRegen 0.25/turn    (no ring)
MPRegen 0.10/turn

%: no passive effects
@: no status effects
A: no striking features
a: no special abilities


You were on level 4 of the Dungeon.
You visited 1 branch of the dungeon, and saw 4 of its levels.

You collected 184 gold pieces.
You spent 66 gold pieces at shops.


   Skills:
 + Level 1.9 Fighting
 - Level 9.0 Ranged Weapons
 - Level 2.4 Dodging
 - Level 1.2 Stealth


You had 4 spell levels left.
You didn't know any spells.
Your spell library was empty.

Inventory:

Hand Weapons
 Y - a +1 shortbow (weapon)
Armour
 j - a +0 helmet (worn)
 k - a +2 ring mail of fire resistance (worn)
Scrolls
 f - a scroll of identify
Potions
 c - a potion of might {unknown}
 e - a potion of mutation {unknown}
 h - a potion of haste {unknown}
 l - a potion of curing {unknown}

Dungeon Overview and Level Annotations

Branches:
Dungeon (4/15)
 Temple: D:4-7

Altars:

Shops:
D:2 ?


Message History

The gnoll hits you but does no damage.
The gnoll hits you from afar with a +0 spear.
You shoot an arrow. The arrow hits the gnoll!
You kill the gnoll!
Your Ranged Weapons skill increases to level 9!
You start resting.
A gnoll is nearby!
You shoot an arrow. The arrow hits the gnoll.
The gnoll is heavily wounded.
The gnoll hits you from afar with a +0 spear.
You shoot an arrow.
The arrow hits the gnoll but does no damage.
The gnoll is heavily wounded.
A gnoll comes into view. It is wielding a +0 spear.
You shoot an arrow. The arrow hits the gnoll.
The gnoll is lightly wounded.
You shoot an arrow. The arrow hits the gnoll!
The gnoll is almost dead.
You hear the slow hiss of a very distant avalanche of sand.
You hear a shout!
The gnoll hits you from afar with a +0 spear.
You shoot an arrow. The arrow closely misses the gnoll.
The gnoll hits you but does no damage.
You shoot an arrow. The arrow hits the gnoll!
You kill the gnoll!
You shoot an arrow. The arrow closely misses the gnoll.
The gnoll hits you from afar with a +0 spear!
You shoot an arrow. The arrow hits the gnoll!
You kill the gnoll!
A gnoll comes into view. It is wielding a +0 flail.
2569 ||| FLEEEEING.
You shoot an arrow. The arrow hits the gnoll.
The gnoll is moderately wounded.
The gnoll hits you but does no damage.
You shoot an arrow. The arrow closely misses the gnoll.
The gnoll barely misses you. x2
You shoot an arrow. The arrow hits the gnoll.
The gnoll is severely wounded.
The gnoll hits you with a +0 flail!
You die...

#.#....####.
#.##.#.# #.##.#.#
#.##.#.# #.#.[..#
#.#..### #.
#.#..########....
#.#.......)......
#.......@g###
###.#####.# #.#
#.# #.# #.. #.#
#### #.# #.# #.#
#.#


You could see a gnoll.

Vanquished Creatures
  An iguana (D:4)
  4 gnolls
  8 adders
  2 worms (D:2)
  2 dart slugs (D:3)
  An orc (D:3)
  6 ball pythons
  6 bats
  2 endoplasms
  3 giant cockroaches
  7 goblins
  9 hobgoblins
  4 quokkas
  5 frilled lizards
  5 kobolds
  4 rats
69 creatures vanquished.

Notes
Turn   | Place    | Note
-------+----------+-------------------------------------------
     0 | D:1      | qw the Deep Elf Hunter began the quest for the Orb.
     0 | D:1      | Reached XP level 1. HP: 12/12 MP: 3/3
     0 | D:1      | 0 ||| qw: Version: 0.3-a-22-g0ed2b0b
     0 | D:1      | 0 ||| qw: Game counter: 6091
     0 | D:1      | 0 ||| qw: Melee chars always use a shield: true
     0 | D:1      | 0 ||| qw: God list: Okawaru
     0 | D:1      | 0 ||| qw: Allow faded altars: false
     0 | D:1      | 0 ||| qw: Do Orc after clearing Dungeon:15 true
     0 | D:1      | 0 ||| qw: Do second Lair branch before Depths: true
     0 | D:1      | 0 ||| qw: Lair rune preference: random
     0 | D:1      | 0 ||| qw: Goals: Normal
     0 | D:1      | 0 ||| PLANNING D:1-11
   363 | D:1      | Reached XP level 2. HP: 16/16 MP: 4/4
   397 | D:1      | Reached skill level 6 in Ranged Weapons
   787 | D:1      | 787 ||| READING scroll labelled NAENYORCHIYPH.
   788 | D:1      | 788 ||| READING scroll labelled PYPTIZENOR.
   789 | D:1      | 789 ||| READING 2 scrolls labelled RUSHOLAKKU.
   793 | D:1      | 793 ||| READING scroll labelled OPPOPP YCODADGH.
   794 | D:1      | 794 ||| DROPPING scroll of butterflies.
   880 | D:2      | Found Wayf's Magic Scroll Shop.
   887 | D:2      | Reached XP level 3. HP: 20/20 MP: 5/5
   893 | D:2      | 893 ||| BUYING 2 scrolls of identify (44 gold).
   893 | D:2      | Bought 2 scrolls of identify for 44 gold pieces
   893 | D:2      | 893 ||| BUYING scroll of identify (22 gold).
   893 | D:2      | Bought a scroll of identify for 22 gold pieces
   943 | D:2      | Reached skill level 7 in Ranged Weapons
   953 | D:2      | HP: 1/20 [worm (11)]
   954 | D:2      | 954 ||| READING scroll of teleportation.
  1106 | D:2      | Reached XP level 4. HP: 12/25 MP: 6/6
  1111 | D:2      | HP: 6/25 [poisoned by an adder]
  1684 | D:2      | 1684 ||| UPGRADING to +0 ring mail.
  1694 | D:2      | 1694 ||| DROPPING +0 leather armour.
  1695 | D:2      | 1695 ||| UPGRADING to +2 ring mail of fire resistance.
  1705 | D:2      | 1705 ||| DROPPING +0 ring mail.
  1706 | D:2      | 1706 ||| READING scroll labelled AKKEKUYPLO.
  1707 | D:2      | 1707 ||| READING scroll labelled FUMAAP JOYLOE.
  1708 | D:2      | 1708 ||| READING scroll labelled BEOH NURCHO.
  1709 | D:2      | 1709 ||| DRINKING 2 fizzy yellow potions.
  1814 | D:2      | 1814 ||| READING 3 scrolls of identify.
  1814 | D:2      | 1814 ||| IDENTIFYING fizzy coppery potion
  1815 | D:2      | 1815 ||| READING 2 scrolls of identify.
  1815 | D:2      | 1815 ||| IDENTIFYING brown potion
  1816 | D:2      | 1816 ||| DROPPING potion of berserk rage.
  1817 | D:2      | 1817 ||| DROPPING potion of invisibility.
  1818 | D:2      | 1818 ||| DROPPING potion of attraction.
  1859 | D:3      | Identified the +0 robe "Ikyt Apli" {rF+ Dex+5}
  1876 | D:3      | Reached skill level 8 in Ranged Weapons
  2071 | D:3      | Reached XP level 5. HP: 29/29 MP: 7/7
  2411 | D:3      | 2411 ||| DROPPING +0 robe "Ikyt Apli" {rF+ Dex+5}.
  2412 | D:3      | 2412 ||| UPGRADING to +0 helmet.
  2417 | D:3      | 2417 ||| DROPPING +6 ring of intelligence.
  2418 | D:3      | 2418 ||| READING scroll labelled VERHITHRECS.
  2419 | D:3      | 2419 ||| READING scroll labelled JOYROHE SAESY.
  2420 | D:3      | 2420 ||| READING scroll labelled IKIC QIURY.
  2518 | D:4      | 2518 ||| PLANNING OSSUARY
  2543 | D:4      | 2543 ||| Stepping ~*~*~tactically~*~*~ (outnumbered).
  2558 | D:4      | Reached skill level 9 in Ranged Weapons
  2567 | D:4      | HP: 2/30 [gnoll/+0 spear (7)]
  2569 | D:4      | 2569 ||| FLEEEEING.
  2572 | D:4      | Slain by a gnoll

Levels and vault maps discovered:
D:1:      minmay_arrival_loop, layout_loops_corners
D:2:      minmay_spotlight, layout_basic, serial_shops, shop, kennysheep_donut
D:3:      minmay_inner_zag, layout_basic, serial_curves, eino_curves_02,
          eino_curves_02
D:4:      layout_loops_ring, nicolae_overflow_hallway_of_the_gods,
          minmay_temple_entry_tees, chequers_ossuary_entry_cave,
          nicolae_shop_self_help, uniq_ijyb

Skill      XL: |  1  2  3  4  5 |
---------------+----------------+-----
Ranged Weapons | 6 7 8 9 |  9.0
Fighting       | |  1.9
Dodging        | |  2.4
Stealth        | |  1.2

Action                     |  1- 3 |  4- 6 || total
---------------------------+-------+-------++-------
   Fire: Shortbow          |    80 |   124 ||   204
    Use: Scroll            |     5 |     8 ||    13
         Potion            |       |     1 ||     1
 Armour: Leather armour    |    11 |     3 ||    14
         Ring mail         |       |    13 ||    13
  Dodge: Dodged            |    19 |    31 ||    50

Table legend:
 A = Non-vault XP
 B = Vault XP
 C = Vault XP percentage of total XP
 D = Non-vault monster count
 E = Vault monster count
 F = Vault count percentage of total count
                 A         B        C        D         E       F
            +---------+---------+-------+---------+---------+-------
      Total |     280 |      27 |   8.8 |      62 |       7 |  10.1
            +---------+---------+-------+---------+---------+-------
        D:1 |      20 |       0 |   0.0 |      11 |       0 |   0.0
        D:2 |     111 |       4 |   3.5 |      29 |       2 |   6.5
        D:3 |      67 |      23 |  25.6 |      17 |       5 |  22.7
        D:4 |      82 |       0 |   0.0 |       5 |       0 |   0.0
            +---------+---------+-------+---------+---------+-------
